 Dungeon Crawl Stone Soup version 0.29-a0-838-g385bb11a5b (webtiles) character file.

Game seed: 895476730138648423

3276 coolguy69 the Covert (level 10, -4/51 HPs)
             Began as a Vine Stalker Monk on July 13, 2022.
             Was an Elder of Okawaru.
             Slain by a steam dragon (7 damage)
             ... on level 8 of the Dungeon.
             The game lasted 00:07:07 (5819 turns).

coolguy69 the Covert (Vine Stalker Monk)            Turns: 5819, Time: 00:07:07

Health: -4/51      AC:  5    Str: 13    XL:     10   Next: 0%
Magic:  0/14       EV: 16    Int: 10    God:    Okawaru [****..]
Gold:   389        SH:  6    Dex: 18    Spells: 9/9 levels left

rFire   . . .      SeeInvis .   w - +2 short sword (elec)
rCold   . . .      Faith    .   d - +0 buckler
rNeg    . . .      Spirit   +   l - +0 leather armour
rPois   .          Reflect  .   u - +0 hat {Stlth+}
rElec   .          Harm     .   (no cloak)
rCorr   .          Rampage  .   (no gloves)
Will    +....                   s - +0 pair of boots
Stlth   +++++++...              a - amulet of the acrobat
HPRegen 0.97/turn               (no ring)
MPRegen 0.14/turn               (no ring)

@: heroic
A: fangs 3, regeneration 1, magic shield, antimagic bite, no potion heal 2,
passive freeze, weak 2
a: Renounce Religion, Heroism, Finesse


You were on level 8 of the Dungeon.
You worshipped Okawaru.
Okawaru was greatly pleased with you.
You visited 1 branch of the dungeon, and saw 8 of its levels.

You collected 389 gold pieces.

Inventory:

Hand Weapons
 g - a +4 dagger of speed
 w - a +2 short sword of electrocution (weapon)
Missiles
 b - a throwing net (quivered)
Armour
 d - a +0 buckler (worn)
 l - a +0 leather armour (worn)
 s - a +0 pair of boots (worn)
 u - a +0 hat of stealth (worn)
Jewellery
 a - an amulet of the acrobat (around neck)
 q - an amulet of faith
 r - a +6 ring of dexterity
Wands
 t - a wand of paralysis (9)
 v - a wand of acid (17)
Scrolls
 f - a scroll of silence
 h - 3 scrolls of blinking
 i - a scroll of poison
 k - a scroll of amnesia
 n - 5 scrolls of teleportation
 o - 4 scrolls of identify
 p - a scroll of vulnerability
 x - a scroll of magic mapping
 y - a scroll of enchant armour {unknown}
Potions
 c - a potion of ambrosia
 e - 9 potions of curing
 j - 2 potions of flight
 m - a potion of brilliance


   Skills:
 + Level 5.1(10.1) Fighting
 + Level 7.2(12.2) Short Blades
 + Level 3.2(8.2) Armour
 + Level 4.1(9.1) Dodging
 + Level 9.4(14.4) Stealth
 + Level 1.3(6.3) Shields
 * Level 4.7 Invocations


You had 9 spell levels left.
You didn't know any spells.
Your spell library contained the following spells:

 Spells                   Type           Power      Damage    Failure   Level
 Apportation              Tloc           0%         N/A       52%         1
 Shock                    Conj/Air       0%         1d3       52%         1
 Slow                     Hex            0%         N/A       52%         1
 Blink                    Tloc           0%         N/A       65%         2
 Confusing Touch          Hex            0%         N/A       87%         3
 Lesser Beckoning         Tloc           0%         N/A       87%         3
 Swiftness                Air            0%         N/A       87%         3
 Vampiric Draining        Necr           0%         2d6       87%         3
 Airstrike                Air            0%         0-1+      99%         4
 Leda's Liquefaction      Hex/Erth       0%         N/A       99%         4
 Olgreb's Toxic Radiance  Pois           0%         N/A       99%         4
 Alistair's Intoxication  Tmut/Pois      0%         N/A       100%        5
 Lee's Rapid Deconstruct  Erth           0%         3d5*      100%        5
 Manifold Assault         Tloc           0%         N/A       100%        5
 Conjure Ball Lightning   Conj/Air       0%         3x3d6     100%        6
 Statue Form              Tmut/Erth      0%         N/A       100%        6
 Discord                  Hex            0%         N/A       100%        8
 Disjunction              Tloc           0%         N/A       100%        8


Dungeon Overview and Level Annotations

Branches:
Dungeon (8/15)             Temple (0/1) D:7
   Lair: D:8-11

Altars:
Gozag
Okawaru
Ru
Sif Muna

Annotations:
D:8 Maggie


Innate Abilities, Weirdness & Mutations

You have razor-sharp teeth.
Your natural rate of healing is unusually fast.
When hurt, damage is shared between your health and your magic reserves.
Your bite disrupts and absorbs the magic of your enemies.
Potions cannot restore your health.
A frigid envelope surrounds you and freezes all who hurt you.
You are very weak. (Str -4)


Message History

You are engulfed in a cloud of scalding steam.
You block the gnoll's attack.
Maggie is engulfed in a cloud of scalding steam.
Maggie hits you with a +0 war axe!
* * * LOW HITPOINT WARNING * * *
The gnoll sergeant hits you from afar with a +0 spear.
* * * LOW HITPOINT WARNING * * *
You hit Maggie.
Maggie is heavily wounded.
You are engulfed in a cloud of scalding steam.
Unknown command.
You completely miss Maggie.
Maggie is heavily wounded.
The gnoll hits you with a +0 flail.
* * * LOW HITPOINT WARNING * * *
The gnoll is very cold.
The gnoll is severely wounded.
The steam dragon breathes steam at you. The ball of steam misses you.
The ball of steam hits the gnoll!!
The gnoll dies!
You block the gnoll's attack. Maggie casts a spell at you.
The bolt of fire misses you. The gnoll sergeant barely misses you.
You hear a shout!
The gnoll attacks as you move away! The gnoll barely misses you.
Unknown command.
You closely miss Maggie. You bite Maggie.
Maggie's magic leaks into the air.
You drain her magic.
You feel invigorated.
Maggie is heavily wounded.
You hit Maggie. Your bite misses Maggie.
Maggie is heavily wounded.
Maggie hits you with a +0 war axe!
* * * LOW HITPOINT WARNING * * *
Maggie is very cold.
Maggie is severely wounded.
The gnoll barely misses you. Maggie attacks as you move away!
You block Maggie's attack.
The steam dragon attacks as you move away!
The steam dragon bites you!
You die...

....# #......# ....#
#......# ....# #......#
..!.#######......###
'####..##.##'#.....#
.......#<....#.....#
.......#.....#.....#
.......'.....+.....#
..############§.@D.#####
..# .....§§.@...... ..#
.....§ggg...... ..#
......g........ ..+
...........$...
..[............
...............
...#########+## ...


You could see Maggie (magic disrupted), a steam dragon, a gnoll sergeant and 3
gnolls.

Vanquished Creatures
  Joseph (D:7)
  An acid dragon (D:6)
  2 water moccasins (D:5)
  An orc warrior (D:6)
  2 ice beasts
  2 black bears
  A sky beast (D:7)
  An ogre (D:6)
  3 centaurs
  A phantom (D:6)
  Blork the orc (D:5)
  2 kobold brigands (D:7)
  5 bullfrogs
  3 scorpions
  The ghost of zhov the Trooper, a weakling DsFi (D:3)
  A howler monkey (D:7)
  A jelly (D:6)
  6 hounds
  5 orc priests
  Jessica (D:2)
  2 iguanas (D:6)
  7 orc wizards
  9 gnolls
  5 adders
  A white imp (D:7)
  2 ufetubi
  2 worms
  2 dart slugs
  22 orcs
  7 bats
  8 endoplasms
  5 giant cockroaches
  10 hobgoblins
  8 jackals
  17 kobolds
  7 quokkas
  8 ball pythons
  12 frilled lizards
  8 goblins
  5 rats
188 creatures vanquished.

Vanquished Creatures (others)
  An adder (D:5)
  A gnoll (D:8)
  10 plants
12 creatures vanquished.

Grand Total: 200 creatures vanquished

Notes
Turn   | Place    | Note
-------+----------+-------------------------------------------
     0 | D:1      | coolguy69 the Vine Stalker Monk began the quest for the
                  | Orb.
     0 | D:1      | Reached XP level 1. HP: 11/11 MP: 2/2
   183 | D:1      | Reached XP level 2. HP: 10/16 MP: 3/3
   526 | D:1      | Reached XP level 3. HP: 11/20 MP: 4/4
  1030 | D:1      | Reached skill level 3 in Stealth
  1603 | D:2      | Gained mutation: Your natural rate of healing is unusually
                  | fast. [Vine Stalker growth]
  1603 | D:2      | Reached XP level 4. HP: 21/24 MP: 5/5
  1676 | D:2      | Noticed Jessica
  1688 | D:2      | Killed Jessica
  1942 | D:2      | Reached XP level 5. HP: 28/28 MP: 6/6
  2229 | D:3      | Found a runed translucent door.
  2230 | D:3      | Noticed zhov's ghost (weakling DsFi)
  2437 | D:3      | Found a sacrificial altar of Ru.
  2690 | D:3      | Noticed a black bear
  2699 | D:3      | Killed a black bear
  2700 | D:3      | Reached skill level 4 in Stealth
  2700 | D:3      | Reached XP level 6. HP: 21/32 MP: 3/7
  2764 | D:3      | Found an opulent altar of Gozag.
  2783 | D:3      | Got the Directory of Gusty Toxicity
  3144 | D:3      | Killed zhov's ghost
  3260 | D:4      | Identified the +9 mace of Carved Exoneration {elec, +Blink
                  | rCorr SInv}
  3263 | D:4      | Found an iron altar of Okawaru.
  3284 | D:4      | Became a worshipper of Warmaster Okawaru
  3284 | D:4      | Reached * piety under Okawaru
  3284 | D:4      | Reached ** piety under Okawaru
  3421 | D:4      | Reached skill level 1 in Armour
  3595 | D:4      | Gained mutation: You are weak. (Str -2) [potion of
                  | mutation]
  3595 | D:4      | Gained mutation: You are very weak. (Str -4) [potion of
                  | mutation]
  3595 | D:4      | Gained mutation: A frigid envelope surrounds you and
                  | freezes all who hurt you. [potion of mutation]
  3598 | D:5      | Entered Level 5 of the Dungeon
  3606 | D:5      | Reached skill level 5 in Stealth
  3606 | D:5      | Reached XP level 7. HP: 32/37 MP: 6/8
  3656 | D:5      | Reached skill level 5 in Short Blades
  3664 | D:5      | Reached skill level 6 in Stealth
  3775 | D:5      | Reached skill level 1 in Invocations
  3775 | D:5      | Gained mutation: You have razor-sharp teeth. [Vine Stalker
                  | growth]
  3775 | D:5      | Reached XP level 8. HP: 42/42 MP: 9/9
  3884 | D:5      | Reached *** piety under Okawaru
  3937 | D:5      | Noticed Blork the orc
  3941 | D:5      | Killed Blork the orc
  4013 | D:5      | Reached skill level 7 in Stealth
  4391 | D:6      | Found a shimmering blue altar of Sif Muna.
  4451 | D:6      | Reached XP level 9. HP: 36/46 MP: 10/12
  4494 | D:6      | Reached skill level 8 in Stealth
  4544 | D:6      | Reached **** piety under Okawaru
  5167 | D:7      | Noticed Joseph
  5173 | D:7      | Killed Joseph
  5211 | D:7      | Reached skill level 1 in Shields
  5223 | D:7      | Reached skill level 5 in Fighting
  5337 | D:7      | Found a staircase to the Ecumenical Temple.
  5351 | D:7      | Reached skill level 9 in Stealth
  5733 | D:8      | Reached XP level 10. HP: 51/51 MP: 14/14
  5803 | D:8      | Noticed Maggie
  5819 | D:8      | Slain by a steam dragon

Illustrated notes

Levels and vault maps discovered:
D:1:      dpeg_arrival_windows_large_door, layout_basic, nicolae_grassy_gnolls
D:2:      layout_rooms, minmay_lizard_king, uniq_jessica
D:3:      layout_loops_corners, nicolae_gozag_cash_rules_everything_around_me,
          marbit_many_paths, ebering_ghost_sewer_d, chequers_big_river
D:4:      layout_rooms, okawaru_ov_weapons_minmay
D:5:      layout_cave_pools, palyth_stone_intersect, minmay_diced_spiral,
          uniq_blork_the_orc
D:6:      layout_loops_cross, lemuel_blue_sif_altar
D:7:      layout_cave_pools, minmay_temple_entry_hall, uniq_joseph
D:8:      layout_gridville, chequers_serial_rivers_micro_e, uniq_maggie

Skill      XL: |  1  2  3  4  5  6  7  8  9 |
---------------+----------------------------+-----
Fighting       | 3 4 5 |  5.1
Short Blades   | 3 4 5 6 7 |  7.2
Stealth        | 3 4 5 6 7 9 |  9.4
Dodging        | 3 4 |  4.1
Armour         | 1 2 3 |  3.2
Invocations    | 1 3 4 |  4.7
Shields        | 1 |  1.3

Action                   |  1- 3 |  4- 6 |  7- 9 | 10-12 || total
-------------------------+-------+-------+-------+-------++-------
Melee: Short sword       |    18 |       |    68 |     8 ||    94
       Bite              |    15 |    22 |    75 |     4 ||   116
       Dagger            |    67 |   115 |   148 |       ||   330
       Punch             |       |     1 |       |       ||     1
Invok: Heroism           |       |       |     2 |     1 ||     3
  Use: Scroll            |     5 |     6 |     2 |       ||    13
       Potion            |       |     5 |       |       ||     5
 Stab: Sleeping          |     4 |    15 |    19 |       ||    38
       Distracted        |     1 |       |       |       ||     1
Armor: Robe              |    13 |     5 |       |       ||    18
       Leather armour    |       |     7 |    23 |     1 ||    31
Dodge: Dodged            |    42 |    50 |    98 |    11 ||   201
Block: Buckler           |       |     4 |    33 |     3 ||    40

Table legend: (Time is in decaauts)
 A = Elapsed time spent in this place.
 B = Non-inter-level travel time spent in this place.
 C = Inter-level travel time spent in this place.
 D = Time resting spent in this place.
 E = Time spent auto-exploring this place.
 F = Levels seen in this place.
 G = Mean time per level.
                   A        B        C        D        E       F      G
               +--------+--------+--------+--------+--------+-----+--------+
         Total |   5662 |   5426 |    236 |    528 |   3930 |   8 |  707.8 |
       Dungeon |   5662 |   5426 |    236 |    528 |   3930 |   8 |  707.8 |
               +--------+--------+--------+--------+--------+-----+--------+

Top non-repeatable levels by time:
     D:1: 1554 daAuts
     D:3: 1190 daAuts
     D:6: 776 daAuts
     D:5: 655 daAuts
     D:7: 543 daAuts
     D:2: 453 daAuts
     D:4: 401 daAuts
     D:8: 86 daAuts
